 Dungeon Crawl Stone Soup version 0.21.0-3-g78d12a8 (webtiles) character file.

14974 inmateoo the Thrower (level 11, -3/105 HPs)
             Began as a Troll Hunter on Jan 9, 2018.
             Was the Champion of Okawaru.
             Slain by a 12-headed hydra (18 damage)
             ... on level 12 of the Dungeon.
             The game lasted 00:19:05 (9031 turns).

inmateoo the Thrower (Troll Hunter)                 Turns: 9031, Time: 00:19:05

Health: -3/105     AC: 13    Str: 22    XL:     11   Next: 95%
Magic:  14/14      EV: 17    Int:  7    God:    Okawaru [******]
Gold:   749        SH:  0    Dex: 16    Spells: 13/13 levels left

rFire    + . .     SeeInvis .     - Unarmed
rCold    + . .     Gourm    +   (no shield)
rNeg     . . .     Faith    +   B - +2 robe {rC+ rF+}
rPois    .         Spirit   .   (helmet restricted)
rElec    .         Reflect  .   A - +2 cloak {+Inv}
rCorr    .         Harm     .   (gloves unavailable)
MR       .....                  (boots unavailable)
Stlth    ++++......             h - amulet of faith
HPRegen  0.67/turn              v - +3 ring of protection
MPRegen  0.14/turn              H - +3 ring of dexterity

@: heroism, very slightly contaminated, invisible
A: large, unfitting armour, claws 3, fast metabolism 3, gourmand, regeneration
1, shaggy fur 1, tough skin 2
a: Heroism, Finesse, Renounce Religion


You were on level 12 of the Dungeon.
You worshipped Okawaru.
Okawaru was exalted by your worship.
You were completely stuffed.

You visited 1 branch of the dungeon, and saw 12 of its levels.
You also visited: Ossuary.

You collected 749 gold pieces.

Inventory:

Hand Weapons
 a - a +2 short sword
Missiles
 c - 14 large rocks (quivered)
 D - 5 steel javelins
 F - 6 silver javelins
Armour
 p - a +2 cloak
 A - a +2 cloak of invisibility (worn)
 B - a +2 robe of resistance (worn)
 Q - a +0 large shield
Jewellery
 h - an amulet of faith (around neck)
 k - an uncursed ring of ice
 u - an uncursed ring of resist corrosion
 v - a +3 ring of protection (left claw)
 H - a +3 ring of dexterity (right claw)
Wands
 b - a wand of disintegration (25)
 d - a wand of polymorph (8)
 w - a wand of clouds (6)
 x - a wand of flame (23)
 C - a wand of paralysis (16)
 R - a wand of digging (3)
Scrolls
 e - 2 scrolls of fog
 j - 3 scrolls of remove curse
 y - 3 scrolls of enchant armour
 J - a scroll of noise
 L - 2 scrolls of teleportation
 M - a scroll of immolation
 O - 3 scrolls of amnesia
 P - a scroll of blinking
Potions
 g - 2 potions of lignification
 i - 5 potions of haste
 l - 2 potions of magic
 m - a potion of ambrosia
 n - 4 potions of curing
 o - 2 potions of berserk rage
 q - a potion of mutation
 s - 5 potions of heal wounds
 t - 3 potions of flight {unknown}
 z - 2 potions of brilliance {unknown}
 K - 3 potions of agility
 T - 2 potions of cancellation {unknown}
Books
 E - the Reference Book on Torrid Ice
   (You found it on level 7 of the Dungeon)

   Spells                             Type                      Level
   a - Flame Tongue                   Conjuration/Fire             1
   b - Conjure Flame                  Conjuration/Fire             3
   c - Summon Ice Beast               Ice/Summoning                4
 G - a book of Callings

   Spells                             Type                      Level
   a - Summon Small Mammal            Summoning                    1
   b - Call Imp                       Summoning                    2
   c - Call Canine Familiar           Summoning                    3
   d - Summon Guardian Golem          Hexes/Summoning              3
   e - Summon Lightning Spire         Summoning/Air                4
   f - Summon Ice Beast               Ice/Summoning                4
 S - a book of Beasts

   Spells                             Type                      Level
   a - Summon Butterflies             Summoning                    1
   b - Call Canine Familiar           Summoning                    3
   c - Summon Ice Beast               Ice/Summoning                4
   d - Summon Mana Viper              Hexes/Summoning              5
   e - Summon Hydra                   Summoning                    7
 U - a book of Enchantments

   Spells                             Type                      Level
   a - Cause Fear                     Hexes                        4
   b - Yara's Violent Unravelling     Hexes/Transmutation          5
   c - Silence                        Hexes/Air                    5
   d - Deflect Missiles               Charms/Air                   6
   e - Discord                        Hexes                        8
Comestibles
 f - 35 rations
 V - 3 chunks of flesh


   Skills:
 + Level 5.7(10.7) Fighting
 * Level 10.8(15.8) Throwing
 + Level 2.3(7.3) Armour
 + Level 5.8(10.8) Dodging
 - Level 3.2(8.2) Stealth
 + Level 8.9(13.9) Unarmed Combat
 + Level 1.7 Spellcasting
 + Level 6.0 Invocations


You had 13 spell levels left.
You didn't know any spells.

Dungeon Overview and Level Annotations

Branches:
Dungeon (12/15)            Temple (0/1) D:5            Lair (0/6) D:10
    Orc (0/2) D:9

Altars:
Fedhas
Nemelex Xobeh
Okawaru
Ru
Trog
Uskayaw
Xom
Zin
The Shining One
Beogh


Innate Abilities, Weirdness & Mutations

You are too large for most types of armour.
You have claws for hands.
Your metabolism is lightning-fast.
You like to eat raw meat.
Your natural rate of healing is unusually fast.
You are covered in fur. (AC +1)
You have very tough skin. (AC +2)


Message History

The 12-headed hydra barely misses you. The 12-headed hydra bites you!
* * * LOW HITPOINT WARNING * * *
The 12-headed hydra barely misses you. x2
The 12-headed hydra bites you but does no damage.
The 12-headed hydra misses you. The 12-headed hydra closely misses you.
Unknown command.
The 12-headed hydra closely misses you. The 12-headed hydra barely misses you.
The 12-headed hydra closely misses you. x2; The 12-headed hydra misses you.
The 12-headed hydra barely misses you. The 12-headed hydra misses you.
The 12-headed hydra closely misses you. The 12-headed hydra bites you.
* * * LOW HITPOINT WARNING * * *
The 12-headed hydra barely misses you.
The 12-headed hydra closely misses you. x2
Unknown command.
You open the door.
The 12-headed hydra barely misses you. x2
The 12-headed hydra misses you. The 12-headed hydra bites you!
* * * LOW HITPOINT WARNING * * *
The 12-headed hydra completely misses you.
The 12-headed hydra barely misses you. The 12-headed hydra closely misses you.
The 12-headed hydra bites you!!
You die...

############
#..........#
#..........#
#......†...#
#######....##D..#
#.....#....##@..#
#.....#....##'###
#.....#....##..
#.....'.........
#.....#.....?...#
#.....#>........#
#.....###..##...#
#.......#+###...#
####.......# ##


You could see a 12-headed hydra.

Vanquished Creatures
  The ghost of Ratty the Markscentaur, a journeyman CeHu of Okawaru (D:11)
  Fannar (D:12)
  Erica (D:8)
  2 two-headed ogres
  Pikel (D:6)
  An orc knight (D:12)
  A deep elf mage (D:10)
  An oklob plant (D:10)
  The ghost of FrothyCoffee the Firebug, a novice DrFE of Vehumet (D:5)
  The ghost of jazmu the Magician, a novice OpAK of Lugonu (D:4)
  A komodo dragon (D:10)
  A merfolk (D:10)
  2 trolls
  A spriggan (D:10)
  A hippogriff (D:12)
  3 wyverns
  2 hungry ghosts
  6 yaks (D:12)
  A soldier ant (D:11)
  A slave (D:6)
  2 sky beasts
  2 black bears
  6 orc warriors
  2 ice beasts
  3 phantoms
  A swamp drake (D:9)
  A necrophage (D:7)
  A centaur (D:5)
  9 ogres
  A crocodile (D:9)
  3 elf zombies (Ossuary)
  Blork the orc (D:6)
  11 bullfrogs
  A wyvern zombie (D:6)
  5 scorpions
  11 killer bees (D:12)
  7 wights
  2 howler monkeys (D:10)
  2 crimson imps
  2 quasits
  Crazy Yiuf (D:7)
  A bullfrog skeleton (D:8)
  4 centaur zombies
  5 hounds
  8 orc priests
  4 jellies
  Jessica (D:3)
  4 iguanas
  Terence (D:2)
  10 orc wizards
  8 worker ants
  A big kobold zombie (Ossuary)
  2 mummies (Ossuary)
  A howler monkey skeleton (D:10)
  A howler monkey zombie (D:6)
  3 adders
  2 shadow imps
  An ooze (D:1)
  4 adder zombies
  2 adder skeletons
  2 worms
  9 leopard geckos
  46 orcs
  10 giant cockroaches
  4 goblins
  5 hobgoblins
  14 jackals
  8 kobolds
  5 quokkas
  A ball python (D:1)
  8 bats
  11 frilled lizards
  2 goblin zombies (Ossuary)
  9 hobgoblin zombies (Ossuary)
  2 jackal zombies
  8 kobold zombies (Ossuary)
  7 orc zombies (Ossuary)
  6 rats
  A rat zombie (Ossuary)
  A plant (D:10)
326 creatures vanquished.

Vanquished Creatures (others)
  A slave (D:6)
  A plant (D:10)
2 creatures vanquished.

Grand Total: 328 creatures vanquished

Notes
Turn   | Place    | Note
-------+----------+-------------------------------------------
     0 | D:1      | inmateoo the Troll Hunter began the quest for the Orb.
     0 | D:1      | Reached XP level 1. HP: 19/19 MP: 0/0
   187 | D:1      | Reached XP level 2. HP: 17/28 MP: 1/1
   421 | D:1      | Reached XP level 3. HP: 33/35 MP: 2/2
   506 | D:2      | Reached skill level 4 in Throwing
   509 | D:2      | Reached skill level 1 in Unarmed Combat
   973 | D:2      | Noticed Terence
  1017 | D:2      | Killed Terence
  1017 | D:2      | Reached skill level 1 in Stealth
  1017 | D:2      | Reached XP level 4. HP: 37/42 MP: 3/3
  1236 | D:3      | Found a sacrificial altar of Ru.
  1244 | D:3      | Found an iron altar of Okawaru.
  1257 | D:3      | Found a hide-covered altar of Uskayaw.
  1261 | D:3      | Became a worshipper of Warmaster Okawaru
  1402 | D:3      | Noticed Jessica
  1412 | D:3      | Killed Jessica
  1462 | D:3      | Reached XP level 5. HP: 42/49 MP: 4/4
  2016 | D:4      | Noticed a phantom
  2052 | D:4      | Noticed jazmu's ghost (novice OpAK)
  2067 | D:4      | Killed a phantom
  2067 | D:4      | Reached XP level 6. HP: 38/59 MP: 5/5
  2072 | D:4      | Killed jazmu's ghost
  2072 | D:4      | Reached * piety under Okawaru
  2072 | D:4      | Reached skill level 5 in Throwing
  2072 | D:4      | Reached XP level 7. HP: 27/66 MP: 6/6
  2557 | D:5      | Entered Level 5 of the Dungeon
  2619 | D:5      | Found a staircase to the Ecumenical Temple.
  2679 | D:5      | Reached ** piety under Okawaru
  3041 | D:5      | Noticed FrothyCoffee's ghost (novice DrFE)
  3056 | D:5      | Killed FrothyCoffee's ghost
  3056 | D:5      | Reached *** piety under Okawaru
  3056 | D:5      | Reached skill level 6 in Throwing
  3056 | D:5      | Reached XP level 8. HP: 30/75 MP: 7/7
  3097 | D:5      | Found a sand-covered staircase.
  3106 | Ossuary  | Entered an ossuary
  3514 | D:5      | Found a glowing silver altar of Zin.
  3815 | D:6      | Noticed Blork the orc
  3833 | D:6      | Killed Blork the orc
  3930 | D:6      | Found a sparkling altar of Nemelex Xobeh.
  3930 | D:6      | Found a faded altar of an unknown god.
  3943 | D:6      | Found a shimmering altar of Xom.
  3945 | D:6      | Found a bloodstained altar of Trog.
  3946 | D:6      | Found a faded altar of an unknown god.
  3977 | D:6      | Noticed Pikel
  4011 | D:6      | Killed Pikel
  4011 | D:6      | Reached **** piety under Okawaru
  4011 | D:6      | Reached skill level 7 in Throwing
  4011 | D:6      | Reached XP level 9. HP: 52/84 MP: 8/8
  4527 | D:7      | Identified the Reference Book on Torrid Ice
  4552 | D:7      | Reached skill level 5 in Unarmed Combat
  4918 | D:7      | Reached skill level 8 in Throwing
  4943 | D:7      | Found a runed door.
  5023 | D:7      | Reached ***** piety under Okawaru
  5023 | D:7      | Reached skill level 1 in Invocations
  5324 | D:7      | Noticed Crazy Yiuf
  5327 | D:7      | Killed Crazy Yiuf
  5539 | D:8      | Found a blossoming altar of Fedhas.
  5539 | D:8      | Noticed Erica
  5558 | D:8      | Killed Erica
  5558 | D:8      | Received a gift from Okawaru
  5558 | D:8      | Received a gift from Okawaru
  5558 | D:8      | Reached skill level 5 in Dodging
  5626 | D:8      | Found a glowing golden altar of the Shining One.
  6024 | D:9      | Reached XP level 10. HP: 94/94 MP: 10/10
  6038 | D:9      | Reached skill level 5 in Fighting
  6086 | D:9      | Noticed a two-headed ogre
  6090 | D:9      | Killed a two-headed ogre
  6090 | D:9      | Received a gift from Okawaru
  6110 | D:9      | Got a transparent arbalest {god gift}
  6216 | D:9      | Identified the +7 arbalest of Ziapaleve {freeze, MR+ MP+9 Dex-3} (Okawaru gifted it to you on level 9 of the Dungeon)
  6309 | D:9      | Reached skill level 9 in Throwing
  6474 | D:9      | Found a staircase to the Orcish Mines.
  6790 | D:10     | Entered Level 10 of the Dungeon
  6796 | D:10     | Received a gift from Okawaru
  6984 | D:10     | Noticed a deep elf mage
  6991 | D:10     | Killed a deep elf mage
  6991 | D:10     | Reached ****** piety under Okawaru
  7010 | D:10     | Received a gift from Okawaru
  7283 | D:10     | Noticed an oklob plant
  7296 | D:10     | Reached skill level 10 in Throwing
  7304 | D:10     | Killed an oklob plant
  7304 | D:10     | Reached XP level 11. HP: 102/102 MP: 13/13
  7462 | D:10     | Found a staircase to the Lair.
  7496 | D:10     | Reached skill level 5 in Invocations
  7634 | D:11     | Noticed a two-headed ogre
  7644 | D:11     | Killed a two-headed ogre
  7764 | D:11     | Noticed Ratty's ghost (journeyman CeHu)
  7775 | D:11     | Killed Ratty's ghost
  7775 | D:11     | Received a gift from Okawaru
  7775 | D:11     | Reached skill level 1 in Armour
  8091 | D:12     | Noticed Fannar
  8099 | D:12     | Killed Fannar
  8099 | D:12     | Reached skill level 1 in Spellcasting
  8698 | D:12     | Found a roughly hewn altar of Beogh.
  8698 | D:12     | Noticed an orc knight
  8753 | D:12     | Killed an orc knight
  8753 | D:12     | Received a gift from Okawaru
  9007 | D:12     | Noticed a seven-headed hydra
  9031 | D:12     | Slain by a 12-headed hydra

Skill      XL: |  1  2  3  4  5  6  7  8  9 10 11 |
---------------+----------------------------------+-----
Throwing       | 4 5 6 7 8 10 | 10.8
Unarmed Combat | 1 2 3 4 6 8 |  8.9
Dodging        | 2 3 4 5 |  5.8
Fighting       | 2 3 4 5 |  5.7
Stealth        | 1 2 3 |  3.2
Invocations    | 1 4 6 |  6.0
Armour         | 2 |  2.3
Spellcasting   | 1 |  1.7

Action                   |  1- 3 |  4- 6 |  7- 9 | 10-12 || total
-------------------------+-------+-------+-------+-------++-------
Melee: Unarmed           |   141 |   105 |   408 |   283 ||   937
       Punch             |       |       |     9 |    12 ||    21
Throw: Large rock        |       |     3 |    11 |    60 ||    74
       Throwing net      |       |     2 |     1 |     4 ||     7
       Javelin           |       |       |     1 |   117 ||   118
Invok: Heroism           |       |       |     1 |     7 ||     8
  Use: Scroll            |       |    10 |    13 |     5 ||    28
       Potion            |       |       |     3 |     2 ||     5
 Stab: Sleeping          |     1 |       |    14 |     3 ||    18
       Distracted        |       |       |     1 |       ||     1
       Held in net/web   |       |       |       |     5 ||     5
  Eat: Chunk             |    11 |     8 |    36 |    31 ||    86
       Ration            |       |       |     1 |       ||     1
Armor: Robe              |    48 |    45 |   139 |   113 ||   345
Dodge: Dodged            |    75 |    46 |   160 |   241 ||   522
